 Dungeon Crawl Stone Soup version 0.20-a0-1043-gbd57889 (webtiles) character file.

99 x1a0 the Slasher (level 4, 0/34 HPs)
             Began as a Demonspawn Gladiator on Apr 24, 2017.
             Succumbed to an adder's poison
             ... on level 3 of the Dungeon.
             The game lasted 00:18:53 (3115 turns).

x1a0 the Slasher (Demonspawn Gladiator)             Turns: 3115, Time: 00:18:53

Health: 0/34       AC:  5    Str: 15    XL:     4   Next: 45%
Magic:  4/4        EV: 12    Int: 10    God:
Gold:   67         SH:  0    Dex: 14    Spells: 3/3 levels left

rFire    . . .     SeeInvis .   a - +0 long sword
rCold    . . .     Gourm    .   (no shield)
rNeg     . . .     Faith    .   h - +0 ring mail
rPois    .         Spirit   .   (helmet restricted)
rElec    .         Reflect  .   (no cloak)
rCorr    .         Harm     .   (no gloves)
MR       .....                  (no boots)
Stlth    +.........             (no amulet)
Regen    0.2/turn               (no ring)
MPRegen  0.1/turn               (no ring)

@: lethally poisoned (0 -> -3), drained
A: antennae 1, rot immunity
a: no special abilities


You were on level 3 of the Dungeon.
You were not hungry.

You visited 1 branch of the dungeon, and saw 3 of its levels.

You collected 67 gold pieces.

Inventory:

Hand Weapons
 a - a +0 long sword (weapon)
 g - a +0 blowgun
Missiles
 d - 3 throwing nets
 n - 14 poisoned needles (quivered)
Armour
 c - a +0 helmet
 h - a +0 ring mail (worn)
Wands
 l - a wand of iceblast (6/15)
Potions
 e - a potion of heal wounds {unknown}
 i - 2 potions of curing
 j - a potion of magic {unknown}
 k - 2 potions of lignification {unknown}
Comestibles
 b - a meat ration
 f - 3 bread rations
 m - a royal jelly


   Skills:
 + Level 2.6(2.5) Fighting
 + Level 3.7(3.6) Long Blades
 - Level 2.0(1.9) Throwing
 * Level 1.1(1.0) Armour
 * Level 3.1(3.0) Dodging


You had 3 spell levels left.
You didn't know any spells.

Dungeon Overview and Level Annotations

Branches:
Dungeon (3/15)

Altars:
Cheibriados
Elyvilon
Ru
Zin
The Shining One

Annotations:
D:2 1 exclusion, Crazy Yiuf


Innate Abilities, Weirdness & Mutations

You have a pair of small antennae on your head.
You are immune to rotting.


Message History

The adder is severely wounded.
The adder barely misses you.
The orc priest moves out of view.
The adder bites you but does no damage.
You miss the adder.
The adder is severely wounded.
The adder bites you.
You are poisoned.
The adder poisons you!
You barely miss the adder.
The adder is severely wounded.
You feel sick. The adder closely misses you. The adder bites you.
You barely miss the adder.
The adder is severely wounded.
The adder bites you.
The orc priest invokes the aid of Beogh against you.
Beogh smites you!
* * * LOW HITPOINT WARNING * * *
Your ring mail prevents you from hitting the adder.
The adder is severely wounded.
You die...

........((....<# ..
..#+#....########
.. #.#.#...........
.##.#.#....########
..................
..................
#.####.#...#####.
#.####.#...#
#SS@..(#...#
#....oS#######...#
+......{ #...#
#...h.h #...#
#...... #.###
#...hh. #..K..S
#....h.


You could see an orc priest and 3 adders.

Vanquished Creatures
  2 adders
  An ooze (D:2)
  A worm (D:2)
  4 dart slugs
  5 giant cockroaches
  7 goblins
  8 hobgoblins
  8 jackals
  A ball python (D:3)
  4 bats (D:2)
  8 frilled lizards
  8 kobolds
  9 rats
66 creatures vanquished.

Notes
Turn   | Place    | Note
-------+----------+-------------------------------------------
     0 | D:1      | x1a0 the Demonspawn Gladiator began the quest for the Orb.
     0 | D:1      | Reached XP level 1. HP: 16/16 MP: 1/1
   257 | D:1      | Gained mutation: You are immune to rotting. [demonic ancestry]
   257 | D:1      | Reached XP level 2. HP: 22/22 MP: 2/2
   627 | D:1      | Gained mutation: You have a pair of small antennae on your head. [demonic ancestry]
   627 | D:1      | Reached XP level 3. HP: 27/28 MP: 3/3
   791 | D:2      | Found a white marble altar of Elyvilon.
   847 | D:2      | Found a glowing golden altar of the Shining One.
   856 | D:2      | Found a snail-covered altar of Cheibriados.
   906 | D:2      | Found a sacrificial altar of Ru.
  1316 | D:2      | Found a glowing silver altar of Zin.
  1658 | D:2      | Found a runed door.
  1846 | D:2      | Reached XP level 4. HP: 32/34 MP: 4/4
  1943 | D:2      | Noticed Crazy Yiuf
  2444 | D:2      | Reached skill level 1 in Armour
  3114 | D:3      | HP: 1/34 [orc priest/divine providence (16)]
  3115 | D:3      | Succumbed to an adder's poison

Vault maps used:
D:1:      dpeg_arrival_prison
D:2:      old_standard_altar, marbit_many_paths, old_standard_altar,
          tso_metal_star, kennysheep_slug_shrine, uniq_crazy_yiuf_cottage
D:3:      lemuel_crystal_altar, first_bread, minmay_cupped

Skill      XL: |  1  2  3  4 |
---------------+-------------+-----
Dodging        | 3 |  3.1
Long Blades    | 3 |  3.7
Throwing       | 2 |  2.0
Armour         | 1 |  1.1
Fighting       | |  2.6

Action                   |  1- 3 |  4- 6 || total
-------------------------+-------+-------++-------
Melee: Long sword        |   123 |    75 ||   198
  Use: Scroll            |     7 |       ||     7
  Eat: Chunk             |     3 |     1 ||     4
       Bread ration      |       |     1 ||     1
Armor: Ring mail         |    37 |    24 ||    61
       Leather armour    |     2 |       ||     2
Dodge: Dodged            |   103 |    64 ||   167
       Rpst.: Long sword |    38 |    12 ||    50
